AoeStats
← Hector

Black Forest

506368141Analyzed
4v4 RM · 19d ago on Sep 13, 2026· 62m 19s· 8 players
Game mode
Random Map
Map size
Large (8 player)
Population
200
Speed
Normal
Resources
Standard
Victory
Conquest
Starting age
Dark Age
Ending age
Imperial Age
RankedLock teamsTeams togetherTeam positionsShared explorationLock speedFull tech treeHidden civsTurbo modeCheats
Victory
Defeat
1446
+15
🇺🇸 Romans · United States
1427
+16
🇹🇼 Koreans · Taiwan
1409
+16
1409
+17
🇱🇰 Dravidians · Sri Lanka
1440
-17
🇩🇪 Bohemians · Germany
1432
-16
🇨🇳 Vietnamese · China
1426
-16
🇦🇹 Ethiopians · Austria
1409
-15
Hector
12:21 Feudal Age
16:36 Castle Age
14:32 Double-Bit Axe
14:53 Fishing Lines
17:17 Gillnets
17:39 Bow Saw
17:18 Loom
24:19 Wheelbarrow
30:01 Imperial Age
27:47 Hand Cart
27:49 Gold Mining
27:49 Stone Mining
28:02 Scale Mail Armor
28:12 Forging
27:48 Horse Collar
29:27 Chain Mail Armor
29:17 Town Watch
30:24 Iron Casting
30:09 Onager
31:12 Conscription
30:25 Halberdier
31:06 Squires
31:17 Siege Engineers
32:38 Chemistry
32:39 Two-Man Saw
31:59 Siege Onager
33:42 Plate Mail Armor
33:47 Fletching
34:19 Ballistics
34:48 Bodkin Arrow
35:05 Masonry
36:49 Torsion Engines
38:04 Blast Furnace
38:43 Bracer
39:15 Architecture
39:53 Capped Ram
40:46 Town Patrol
40:57 Murder Holes
41:38 Siege Ram
44:57 Arson
48:08 Coinage
47:39 Caravan
50:40 Banking
50:21 Guilds
53:38 Heavy Scorpion
xinyuan.zhao22
0:27 Loom
10:26 Feudal Age
11:11 Double-Bit Axe
22:47 Castle Age
21:17 Gold Mining
22:11 Town Watch
22:58 Fletching
24:04 Bow Saw
28:21 Wheelbarrow
30:10 Hand Cart
37:14 Imperial Age
34:56 Fortified Wall
34:55 Stone Mining
34:49 Horse Collar
35:45 Heavy Plow
36:16 Forging
36:06 Scale Mail Armor
36:15 Scale Barding Armor
37:30 Bloodlines
37:21 Husbandry
38:09 Chain Barding Armor
38:25 Iron Casting
39:25 Two-Man Saw
38:15 Elite Battle Elephant
42:09 Chatras
43:20 Plate Barding Armor
43:13 Guilds
44:06 Caravan
47:02 Bodkin Arrow
47:08 Padded Archer Armor
46:30 Elite Skirmisher
47:16 Thumb Ring
47:36 Imperial Skirmisher
49:01 Bracer
50:03 Chemistry
48:55 Heated Shot
49:25 Ballistics
49:38 Paper Money
48:48 Crossbowman
50:03 Leather Archer Armor
55:05 Ring Archer Armor
56:15 Light Cavalry
eraycoskun33
13:02 Feudal Age
13:48 Double-Bit Axe
18:40 Castle Age
17:19 Horse Collar
18:23 Fishing Lines
20:08 Loom
20:59 Wheelbarrow
27:31 Redemption
28:17 Sanctity
30:25 Bow Saw
40:44 Imperial Age
40:16 Chemistry
40:48 Houfnice
42:14 Hand Cart
55:46 Heavy Plow
PunchiMan
11:51 Feudal Age
13:26 Double-Bit Axe
15:44 Castle Age
13:36 Horse Collar
16:48 Bow Saw
20:29 Loom
21:30 Stone Mining
31:02 Imperial Age
29:27 Wheelbarrow
29:07 Fletching
29:18 Gold Mining
30:02 Bodkin Arrow
32:02 Hand Cart
31:49 Bracer
33:34 Chemistry
32:56 Padded Archer Armor
33:13 Elite Elephant Archer
34:07 Thumb Ring
34:34 Leather Archer Armor
34:41 Ballistics
36:10 Ring Archer Armor
37:50 Conscription
37:39 Medical Corps
46:00 Hoardings
47:04 Caravan
46:35 Elite Skirmisher
52:27 Imperial Skirmisher
53:43 Imperial Skirmisher
59:31 Scale Mail Armor
59:41 Forging
60:10 Wootz Steel
K-1000
1:33 Loom
12:13 Feudal Age
17:10 Castle Age
15:59 Double-Bit Axe
17:48 Man-at-Arms
19:13 Long Swordsman
20:39 Scale Mail Armor
25:50 Gold Mining
25:42 Horse Collar
28:03 Wheelbarrow
27:52 Bow Saw
28:15 Town Watch
29:48 Devotion
29:48 Fishing Lines
32:44 Imperial Age
36:46 Gillnets
36:40 Capped Ram
36:49 Legionary
37:42 Forging
38:43 Squires
39:02 Chain Mail Armor
39:22 Iron Casting
38:10 Siege Ram
40:31 Hand Cart
51:00 Blast Furnace
49:46 Heavy Scorpion
52:06 Conscription
52:07 Comitatenses
52:00 Fletching
53:03 Bodkin Arrow
57:04 Siege Engineers
あおぞら ひかり
1:46 Loom
12:14 Feudal Age
16:51 Castle Age
14:38 Double-Bit Axe
14:34 Horse Collar
17:51 Town Watch
18:18 Bow Saw
20:19 Wheelbarrow
23:19 Gold Mining
23:11 Fishing Lines
29:22 Imperial Age
27:29 Fletching
28:02 Ballistics
27:53 Fortified Wall
29:13 Bodkin Arrow
29:19 Padded Archer Armor
29:38 Nomads
29:54 Bloodlines
29:45 Husbandry
31:24 Conscription
31:07 Onager
32:12 Bracer
32:58 Drill
33:46 Chemistry
33:01 Capped Ram
33:56 Elite Mangudai
36:06 Parthian Tactics
35:47 Thumb Ring
35:58 Leather Archer Armor
36:13 Siege Ram
38:29 Siege Onager
46:37 Scale Barding Armor
46:42 Forging
46:46 Caravan
49:18 Chain Barding Armor
48:21 Light Cavalry
49:38 Iron Casting
48:55 Hussar
劉劉家
11:24 Feudal Age
14:58 Castle Age
13:49 Double-Bit Axe
13:58 Horse Collar
16:21 Bow Saw
24:04 Wheelbarrow
23:29 Fishing Lines
25:53 Gillnets
27:18 Hand Cart
31:13 Imperial Age
28:45 Gold Mining
29:14 Scale Mail Armor
29:25 Forging
30:23 Chain Mail Armor
30:27 Heavy Plow
31:09 Gold Shaft Mining
30:24 Stone Mining
31:04 Fletching
31:51 Iron Casting
33:27 Chemistry
32:47 Ballistics
32:24 Bodkin Arrow
32:32 Elite Skirmisher
33:57 Plate Mail Armor
33:36 Treadmill Crane
34:14 Bracer
34:47 Plate Mail Armor
35:40 Town Watch
35:40 Loom
37:59 Eupseong
38:14 Pikeman
38:54 Squires
39:11 Thumb Ring
39:20 Crossbowman
39:58 Arrowslits
40:19 Siege Engineers
39:59 Halberdier
40:40 Squires
42:22 Stone Shaft Mining
42:28 Caravan
50:15 Scale Barding Armor
53:38 Masonry
Ares_Hong Bang- Trieu Dynasty
3:11 Loom
9:31 Feudal Age
14:17 Fletching
24:10 Castle Age
23:04 Double-Bit Axe
23:20 Gold Mining
23:24 Stone Mining
24:52 Wheelbarrow
25:17 Bow Saw
31:34 Fishing Lines
36:34 Imperial Age
35:35 Horse Collar
36:12 Hand Cart
37:42 Conscription
36:53 Onager
38:31 Town Watch
39:34 Elite Mameluke
40:32 Gillnets
41:05 Heavy Plow
42:08 Two-Man Saw
42:51 Bloodlines
42:42 Husbandry
42:49 Scale Barding Armor
42:54 Forging
43:24 Gold Shaft Mining
44:06 Chain Barding Armor
44:44 Hoardings
45:30 Iron Casting
45:37 Light Cavalry
47:26 Elite Skirmisher
48:12 Thumb Ring
49:27 Plate Barding Armor
49:53 Blast Furnace
49:15 Masonry
49:26 Ballistics
50:07 Chemistry
50:44 Murder Holes
50:30 Treadmill Crane
50:47 Bodkin Arrow
50:53 Padded Archer Armor
51:16 Siege Engineers
53:14 Chemistry
52:20 Capped Ram
59:06 Bracer
59:21 Leather Archer Armor
Connection lost

Rejoining the realm…

Still unreachable

The connection could not be restored.

Session expired

The server has moved on; the page needs a fresh start.